 Dungeon Crawl Stone Soup version 0.27-a0-760-gc38aae387d (webtiles) character file.

Game seed: 18441007589695241026

506 Hasart the Magician (level 7, -2/45 HPs)
             Began as a Djinni Conjurer on Mar 24, 2021.
             Slain by a killer bee zombie (4 damage)
             ... on level 7 of the Dungeon.
             The game lasted 00:06:22 (5850 turns).

Hasart the Magician (Djinni Conjurer)               Turns: 5850, Time: 00:06:23

Health: -2/45      AC:  4    Str:  6    XL:     7   Next: 18%
Gold:   104        EV: 13    Int: 21    God:
                   SH:  0    Dex: 12

rFire    + + .     SeeInvis .   j - +2 dagger (drain)
rCold    x . .     Faith    .   (no shield)
rNeg     . . .     Spirit   .   a - +0 robe
rPois    ∞         Reflect  .   r - +1 helmet
rElec    .         Harm     .   (no cloak)
rCorr    .         Rampage  .   (no gloves)
Will     .....                  (boots unavailable)
Stlth    ++........             (no amulet)
HPRegen  0.15/turn              (no ring)
MPRegen  0.00/turn              (no ring)

@: flying
A: fire resistance 2, cold vulnerability 1, float, innate caster, hp casting,
extra vitality 1
a: no special abilities


You were on level 7 of the Dungeon.
You visited 1 branch of the dungeon, and saw 5 of its levels.

You collected 104 gold pieces.

Inventory:

Hand Weapons
 h - a +0 dagger of freezing
 j - a +2 dagger of draining (weapon)
Missiles
 e - 19 poisoned darts
Armour
 a - a +0 robe (worn)
 r - a +1 helmet (worn)
Scrolls
 b - a scroll of amnesia {unknown}
 c - a scroll of blinking {unknown}
 d - 2 scrolls of identify {unknown}
 g - a scroll of magic mapping {unknown}
 k - a scroll of fog {unknown}
 s - a scroll of vulnerability {unknown}
Potions
 f - 3 potions of brilliance {unknown}
 i - 3 potions of cancellation {unknown}
 l - a potion of lignification {unknown}
 m - a potion of degeneration {unknown}
 n - 3 potions of flight {unknown}
 o - a potion of heal wounds {unknown}
 p - a potion of resistance {unknown}
 q - a potion of haste {unknown}
 t - a potion of attraction {unknown}


   Skills:
 + Level 5.0 Dodging
 - Level 1.5 Stealth
 * Level 6.2 Spellcasting


You couldn't memorise any spells.
You knew the following spells:

 Your Spells              Type           Power      Damage    Failure   Level
a - Magic Dart            Conj           100%       1d8       1%          1
b - Searing Ray           Conj           64%        3d5       1%          2
c - Dazzling Flash        Conj/Hex       64%        N/A       2%          3
d - Fulminant Prism       Conj/Hex       16%        3d11      8%          4
e - Iskenderun's Mystic   Conj/Tloc      32%        2d8       8%          4
f - Apportation           Tloc           64%        N/A       1%          1
g - Slow                  Hex            32%        N/A       1%          2
h - Summon Guardian Gole  Hex/Summ       32%        N/A       2%          3
Your spell library was empty.

Dungeon Overview and Level Annotations

Branches:
Dungeon (4/15)
 Temple: D:4-7

Altars:
Ru
Sif Muna
Wu Jian
The Shining One

Shops:
D:2 :

Annotations:
D:3 1 runed translucent door, Crazy Yiuf


Innate Abilities, Weirdness & Mutations

You are immune to poison.
Your flesh is very heat resistant. (rF++)
You are vulnerable to cold. (rC-)
You float through the air rather than walking.
You learn spells naturally, not from books.
Your magical power is your life essence.
You have superior vitality. (+4 HP)


Message History

* * * LOW HITPOINT WARNING * * *
Unknown command.
Unknown command.
The searing ray misses the killer bee zombie.
* * * LOW HITPOINT WARNING * * *
You finish channeling your searing ray.
The killer bee zombie barely misses you.
Unknown command.
The killer bee zombie hits you.
* * * LOW HITPOINT WARNING * * *
The killer bee zombie hits you.
* * * LOW HITPOINT WARNING * * *
Unknown command.
You closely miss the killer bee zombie.
The killer bee zombie is heavily damaged.
The killer bee zombie hits you but does no damage.
The killer bee zombie closely misses you.
Casting: Searing Ray (safe; 1% risk of failure)
Confirm with . or Enter, or press ? or * to list all spells.
Aiming: Magic Dart (safe; 1% risk of failure)
Press: ? - help, Shift-Dir - straight line, f/p - killer bee zombie
Aim: a killer bee zombie (heavily damaged, 0% to evade)
The magic dart hits the killer bee zombie.
The killer bee zombie is severely damaged.
* * * LOW HITPOINT WARNING * * *
The killer bee zombie misses you. x2
You closely miss the killer bee zombie.
The killer bee zombie is severely damaged.
The killer bee zombie misses you.
The killer bee zombie barely misses you.
Unknown command.
You hit the killer bee zombie.
The killer bee zombie is severely damaged.
The killer bee zombie closely misses you.
Unknown command.
You barely miss the killer bee zombie.
The killer bee zombie is severely damaged.
The killer bee zombie closely misses you.
The killer bee zombie hits you.
You die...

......... ..
...#.....#.##..... ..
.................##. #
.........##......... ..
#.#.#....##........ ...
................... ....
..............#.# .....
#.#.#..[@##.##.†.#...#.#
........Z##.............
.#.#...####.#.#.#..O#.#
.......................#
#.#.#...#.?.............
.......####.#.#.#..##.#
......... ........... .
#.##..... .............
. .....................


You could see a killer bee zombie.

Vanquished Creatures
  Grinder (D:3)
  A water moccasin skeleton (D:7)
  A hound (D:7)
  An iguana (D:4)
  Natasha (thrice) (D:3)
  A worker ant (D:4)
  Robin (D:2)
  2 adders
  2 worms (D:2)
  2 dart slugs (D:1)
  2 bats (D:1)
  6 endoplasms
  4 giant cockroaches
  12 goblins
  7 hobgoblins
  4 jackals (D:2)
  A quokka (D:3)
  A ball python (D:1)
  3 frilled lizards
  6 kobolds
  2 rats
63 creatures vanquished.

Notes
Turn   | Place    | Note
-------+----------+-------------------------------------------
     0 | D:1      | Hasart the Djinni Conjurer began the quest for the Orb.
     0 | D:1      | Reached XP level 1. HP: 15/15 MP: 0/0
   491 | D:1      | Reached XP level 2. HP: 20/21 MP: 0/0
   943 | D:1      | Reached skill level 4 in Spellcasting
  1295 | D:2      | Found an ornate altar of the Wu Jian Council.
  1417 | D:2      | Found Reris's Book Shop.
  1574 | D:2      | Reached XP level 3. HP: 21/25 MP: 0/0
  1574 | D:2      | Learned a level 1 spell: Apportation
  2664 | D:3      | Noticed Robin
  2673 | D:2      | Killed Robin
  2674 | D:2      | Reached XP level 4. HP: 9/31 MP: 0/0
  2674 | D:2      | HP: 1/31 [goblin/+0 club[Robin] (7)]
  3676 | D:3      | Found a glowing golden altar of the Shining One.
  3691 | D:3      | Noticed Grinder
  3698 | D:3      | Killed Grinder
  3699 | D:3      | Reached skill level 5 in Spellcasting
  3699 | D:3      | Reached XP level 5. HP: 6/35 MP: 0/0
  3699 | D:3      | Learned a level 2 spell: Slow
  3699 | D:3      | Reached XP level 6. HP: 7/40 MP: 0/0
  4298 | D:3      | Noticed Natasha
  4304 | D:3      | Killed Natasha
  4410 | D:3      | Found a runed translucent door.
  4411 | D:3      | Noticed Crazy Yiuf
  4455 | D:3      | Noticed Natasha
  4460 | D:3      | Killed Natasha
  4656 | D:3      | Noticed Natasha
  4661 | D:3      | Killed Natasha
  5325 | D:4      | Found a sacrificial altar of Ru.
  5533 | D:4      | Reached skill level 6 in Spellcasting
  5776 | D:4      | You are sucked into a shaft and drop 3 floors!
  5782 | D:7      | Reached XP level 7. HP: 30/45 MP: 0/0
  5782 | D:7      | Learned a level 3 spell: Summon Guardian Golem
  5789 | D:7      | Reached skill level 5 in Dodging
  5845 | D:7      | HP: 2/45 [killer bee zombie (1)]
  5850 | D:7      | Slain by a killer bee zombie

Illustrated notes

Levels and vault maps discovered:
D:1:      dpeg_arrival_solitude, layout_basic
D:2:      minmay_angry_zag, layout_basic, lemuel_crystal_altar, serial_shops,
          shop, minmay_misc_feat_four_crosses, kennysheep_generic_room_4
D:3:      layout_loops_corners, nicolae_tso_carved_into_rock, uniq_robin,
          uniq_natasha, uniq_grinder, uniq_crazy_yiuf_cottage
D:4:      layout_basic, gammafunk_temple_overflow_wave
D:7:      layout_basic, makhleb_blood_cavern_becter

Skill      XL: |  1  2  3  4  5  6  7 |
---------------+----------------------+-----
Spellcasting   | 4 5 6 |  6.2
Dodging        | 3 4 5 |  5.0
Stealth        | |  1.5

Action                   |  1- 3 |  4- 6 |  7- 9 || total
-------------------------+-------+-------+-------++-------
Melee: Dagger            |     4 |    10 |     4 ||    18
 Cast: Magic Dart        |    28 |       |     2 ||    30
       Searing Ray       |    18 |    14 |     2 ||    34
 Stab: Sleeping          |       |     2 |       ||     2
Armor: Robe              |     4 |     2 |     2 ||     8
Dodge: Dodged            |    16 |    16 |    11 ||    43

Table legend: (Time is in decaauts)
 A = Elapsed time spent in this place.
 B = Non-inter-level travel time spent in this place.
 C = Inter-level travel time spent in this place.
 D = Time resting spent in this place.
 E = Time spent auto-exploring this place.
 F = Levels seen in this place.
 G = Mean time per level.
                   A        B        C        D        E       F      G
               +--------+--------+--------+--------+--------+-----+--------+
         Total |   5849 |   5662 |    187 |    511 |   4692 |   5 | 1169.8 |
       Dungeon |   5849 |   5662 |    187 |    511 |   4692 |   5 | 1169.8 |
               +--------+--------+--------+--------+--------+-----+--------+

Top non-repeatable levels by time:
     D:2: 1851 daAuts
     D:3: 1796 daAuts
     D:1: 1295 daAuts
     D:4: 832 daAuts
     D:7: 73 daAuts
